 Seeded DCSS version 0.30-a0-782-ge64f9170bb (webtiles) character file.

Game seed: 20230219 (custom seed)

233 a11behringer the Cudgeller (level 5, -2/79 HPs)
             Began as a Troll Berserker on Feb 19, 2023.
             Was a Believer of Trog.
             Slain by an orc
             ... wielding a +0 short sword
              (5 damage)
             ... on level 4 of the Dungeon.
             The game lasted 00:07:52 (2025 turns).

a11behringer the Cudgeller (Troll Berserker)        Turns: 2025, Time: 00:07:52

Health: -2/79      AC:  5    Str: 27    XL:     5   Next: 74%
Magic:  4/4        EV: 10    Int:  3    God:    Trog [**....]
Gold:   175        SH:  0    Dex:  9    Spells: 4/4 levels left

rFire   . . .      SeeInvis .    a - +1 mace
rCold   . . .      Faith    .    (no shield)
rNeg    . . .      Spirit   .    b - +1 animal skin
rPois   .          Reflect  .    (helmet restricted)
rElec   .          Harm     .    (no cloak)
rCorr   .          Rampage  .    (gloves unavailable)
Will    ++...                    (boots unavailable) Stlth
                                 (no amulet)
HPRegen 2.13/turn                (no ring)
MPRegen 0.09/turn                (no ring)

@: berserking (expiring), lethally poisoned (-2 -> -5), strong-willed,
regenerating, very quick
A: large, unfitting armour, claws 3, regeneration 1, shaggy fur 1, tough skin 1
a: Renounce Religion, Berserk, Trog's Hand


You were on level 4 of the Dungeon.
You worshipped Trog.
Trog was pleased with you.
You visited 1 branch of the dungeon, and saw 4 of its levels.

You collected 175 gold pieces.

Inventory:

Hand Weapons
 a - a +1 mace (weapon)
Missiles
 d - 2 large rocks (quivered)
 l - 6 boomerangs of dispersal
Armour
 b - a +1 animal skin (worn)
Wands
 o - a wand of iceblast (12)
Scrolls
 e - 2 scrolls of magic mapping {unknown}
 g - 5 scrolls of teleportation
 h - a scroll of fear
Potions
 c - a potion of brilliance {unknown}
 f - 2 potions of curing
 i - 3 potions of flight
 j - 2 potions of heal wounds
 k - 2 potions of berserk rage {unknown}
 m - 2 potions of attraction {unknown}


   Skills:
 + Level 3.4 Fighting
 * Level 4.6 Maces & Flails
 + Level 3.4 Dodging


You had 4 spell levels left.
You didn't know any spells.
Your spell library was empty.

Dungeon Overview and Level Annotations

Branches:
Dungeon (4/15)
 Temple: D:4-7

Altars:

Shops:
D:1 (   D:3 [


Innate Abilities, Weirdness & Mutations

You are too large for most types of armour.
You have claws for hands.
Your natural rate of healing is unusually fast.
You are covered in fur. (AC +1)
You have tough skin. (AC +1)


Message History

The gnoll hits you but does no damage. The orc barely misses you.
The hobgoblin hits you.
An orc priest comes into view. It is wielding a +0 dagger.
You feel a strong urge to attack something.
You feel very sick.
The orc priest shouts!
The orc priest casts a cantrip, but nothing happens.
The gnoll hits you with a +0 spear.
* * * LOW HITPOINT WARNING * * *
The orc hits you with a +0 short sword.
* * * LOW HITPOINT WARNING * * *
The hobgoblin hits you but does no damage.
You sock the gnoll!
The gnoll is severely wounded.
You feel very sick.
The gnoll barely misses you. x2; The gnoll hits you but does no damage.
The orc priest casts a cantrip, but nothing happens.
The orc hits you with a +0 short sword.
* * * LOW HITPOINT WARNING * * *
An orc wizard comes into view. It is wielding a +0 dagger.
The hobgoblin hits you.
* * * LOW HITPOINT WARNING * * *
You barely miss the gnoll.
The gnoll is severely wounded.
* * * LOW HITPOINT WARNING * * *
You feel very sick.
The orc wizard shouts!
You hear a shout!
You sock the gnoll!
You kill the gnoll!
Trog accepts your kill.
* * * LOW HITPOINT WARNING * * *
You feel very sick. The gnoll hits you but does no damage.
The gnoll misses you.
The orc wizard mumbles some strange words.
The orc wizard flickers and vanishes!
Deactivating autopickup; reactivate with Ctrl-A.
The hobgoblin hits you.
* * * LOW HITPOINT WARNING * * *
The orc hits you with a +0 short sword.
You die...

#..# #..# #..# #..#
###..# ....#
###gg#######
#..g@)......
######.#.o.......
.....=.........o{
##############..#######.
#...............#
#...<...[.####.##
#.........# #.#
#.........####.#
#....).......#.#


You could see an orc priest, 2 gnolls, an orc and a hobgoblin.

Vanquished Creatures
  A centaur (D:4)
  Jessica (D:3)
  An iguana (D:3)
  A gnoll (D:4)
  3 adders (D:2)
  2 dart slugs
  A bat (D:3)
  8 endoplasms
  3 giant cockroaches
  7 goblins
  A hobgoblin (D:4)
  4 jackals
  4 quokkas
  7 ball pythons
  4 frilled lizards
  7 kobolds
  10 rats
65 creatures vanquished.

Notes
Turn   | Place    | Note
-------+----------+-------------------------------------------
     0 | D:1      | a11behringer the Troll Berserker began the quest for the
                  | Orb.
     0 | D:1      | Reached XP level 1. HP: 22/22 MP: 0/0
    72 | D:1      | Found Ufun Alo's Antique Weapon Emporium.
   108 | D:1      | Reached skill level 3 in Maces & Flails
   110 | D:1      | Reached XP level 2. HP: 29/29 MP: 1/1
   569 | D:1      | Reached ** piety under Trog
   578 | D:1      | Reached XP level 3. HP: 36/36 MP: 2/2
   880 | D:2      | Identified the +5 ring mail of Orthodoxy {rElec MP+9 Str+2
                  | Int+2}
  1110 | D:2      | Reached XP level 4. HP: 44/44 MP: 3/3
  1552 | D:3      | Reached skill level 4 in Maces & Flails
  1725 | D:3      | Found Tiankac's Armour Shoppe.
  1861 | D:3      | Noticed Jessica
  1867 | D:3      | Killed Jessica
  1868 | D:3      | Reached XP level 5. HP: 49/53 MP: 4/4
  1975 | D:4      | Noticed a centaur
  1980 | D:4      | Killed a centaur
  2025 | D:4      | HP: 3/79 [hobgoblin (2)]
  2025 | D:4      | Slain by an orc

Illustrated notes

Levels and vault maps discovered:
D:1:      mushboom_english_gardens, layout_loops_ring, serial_shops, shop,
          minmay_nonomino_d4
D:2:      layout_loops_cross
D:3:      layout_rooms, serial_shops, nicolae_shop_hallway_plus, uniq_jessica
D:4:      layout_loops_ring, temple_hall

Skill      XL: |  1  2  3  4 |
---------------+-------------+-----
Maces & Flails | 3 4 |  4.6
Fighting       | 3 |  3.4
Dodging        | 3 |  3.4

Action                     |  1- 3 |  4- 6 || total
---------------------------+-------+-------++-------
  Melee: Mace              |   148 |    53 ||   201
 Invoke: Berserk           |       |     2 ||     2
         Trog's Hand       |       |     1 ||     1
    Use: Scroll            |       |     9 ||     9
   Stab: Sleeping          |     2 |       ||     2
         Distracted        |     1 |       ||     1
 Armour: Animal skin       |    67 |    29 ||    96
  Dodge: Dodged            |   102 |    32 ||   134

Table legend: (Time is in decaauts)
 A = Elapsed time spent in this place.
 B = Non-inter-level travel time spent in this place.
 C = Inter-level travel time spent in this place.
 D = Time resting spent in this place.
 E = Time spent auto-exploring this place.
 F = Levels seen in this place.
 G = Mean time per level.
                   A        B        C        D        E       F      G
               +--------+--------+--------+--------+--------+-----+--------+
         Total |   2073 |   1901 |    172 |      0 |   1434 |   4 |  518.2 |
       Dungeon |   2073 |   1901 |    172 |      0 |   1434 |   4 |  518.2 |
               +--------+--------+--------+--------+--------+-----+--------+

Top non-repeatable levels by time:
     D:1: 763 daAuts
     D:2: 694 daAuts
     D:3: 559 daAuts
     D:4: 56 daAuts
